[Event "Sunday 15 April Rapid Engine Tour, 9 Rd. 12+1, starts 16.00 ST"]
[Site "Infinity Chess"]
[Date "2018.4.15"]
[Round "3"]
[White "Time_bandit"]
[Black "Susanne"]
[Result "1/2-1/2"]
[ECO "B32"]
[WhiteElo "2462"]
[BlackElo "2491"]
[WhiteEngine "asmFishW_2018-02-02_popcnt"]
[BlackEngine "stockfish_jvv01_x64_bmi2_CTG"]
[EventType "Swiss"]
[WhiteTeam ""]
[BlackTeam ""]
[PlyCount "82"]
[TimeControl "720+1"]

1. e4 c5 2. Nf3 Nc6 3. d4 cxd4 4. Nxd4 e5 5. Nb5 d6 6. N1c3 a6 7. Na3 b5 
8. Nd5 Nf6 9. Bg5 Be7 10. Bxf6 Bxf6 11. c3 Rb8 12. Nc2 Bg5 13. a4 bxa4 
14. Ncb4 Nxb4 15. Nxb4 Bd7 16. Bxa6 Qa5 17. Qxd6 Rb6 18. Qd3 Be6 19. Bc4 Rxb4 
20. Bxe6 Rd4 21. Qf3 O-O 22. Bd5 Bd2+ 23. Ke2 Qa6+ 24. c4 Bb4 25. Rhd1 Rxd1 
26. Rxd1 Bc5 27. Rd2 g6 28. g3 Kg7 29. g4 Qa7 30. Bc6 Bd4 31. h4 Rb8 32. g5 Rxb2 
33. Rxb2 Bxb2 34. Qf6+ Kg8 35. Bd5 a3 36. Qd8+ Kg7 37. f3 a2 38. Qf6+ Kg8 
39. Qd8+ Kg7 40. Qf6+ Kg8 41. Qd8+ Kg7 1/2-1/2

[Event "Sunday 15 April Rapid Engine Tour, 9 Rd. 12+1, starts 16.00 ST"]
[Site "Infinity Chess"]
[Date "2018.4.15"]
[Round "3"]
[White "KRAKEN"]
[Black "THE_MACHINE"]
[Result "1/2-1/2"]
[ECO "E10"]
[WhiteElo "2538"]
[BlackElo "2542"]
[WhiteEngine "Raubfisch X38b_CTG"]
[BlackEngine "BrainFish_180411_x64_bmi2"]
[EventType "Swiss"]
[WhiteTeam ""]
[BlackTeam ""]
[PlyCount "99"]
[TimeControl "720+1"]

1. d4 Nf6 2. c4 e6 3. Nf3 d5 4. Nc3 dxc4 5. e4 Bb4 6. Bg5 c5 7. Bxc4 cxd4 
8. Nxd4 Bxc3+ 9. bxc3 Qa5 10. Bb5+ Bd7 11. Bxf6 gxf6 12. Bxd7+ Nxd7 13. O-O a6 
14. Rb1 Qc7 15. Re1 h5 16. h3 Rb8 17. Qa4 Kf8 18. Qa3+ Qc5 19. Qc1 Ke7 
20. Rd1 Rhd8 21. Qe3 Ke8 22. Qh6 Ke7 23. Qe3 Ke8 24. Qg3 b6 25. Kh1 Rbc8 
26. f4 Qxc3 27. Qg7 Qe3 28. f5 Qg5 29. Qxg5 fxg5 30. fxe6 Ne5 31. Nf5 Rxd1+ 
32. Rxd1 Rd8 33. Ng7+ Ke7 34. Rxd8 Kxd8 35. exf7 Ke7 36. Nxh5 b5 37. f8=Q+ Kxf8 
38. Nf6 b4 39. Kg1 Nd3 40. Nh7+ Kg7 41. Nxg5 a5 42. h4 a4 43. Ne6+ Kf6 
44. Nd4 Ke5 45. Nf3+ Kxe4 46. h5 b3 47. Nd2+ Kf5 48. g4+ Kxg4 49. Nxb3 axb3 
50. axb3 1/2-1/2

[Event "Sunday 15 April Rapid Engine Tour, 9 Rd. 12+1, starts 16.00 ST"]
[Site "Infinity Chess"]
[Date "2018.4.15"]
[Round "2"]
[White "ivrdurant"]
[Black "angriff"]
[Result "1/2-1/2"]
[ECO "C50"]
[WhiteElo "2380"]
[BlackElo "2390"]
[WhiteEngine "Raubfisch X38b_CTG"]
[BlackEngine "DracoREX 3.07 64BIT POPCNT_CTG"]
[EventType "Swiss"]
[WhiteTeam ""]
[BlackTeam ""]
[PlyCount "56"]
[TimeControl "720+1"]

1. e4 e5 2. Nf3 Nc6 3. Bc4 Bc5 4. d3 Nf6 5. c3 d6 6. O-O O-O 7. h3 a5 8. Nbd2 h6 
9. Re1 Be6 10. Bb5 Qb8 11. Nf1 Qa7 12. Re2 a4 13. Ng3 Qa5 14. Bxc6 bxc6 
15. Nh4 Rfe8 16. Re1 d5 17. exd5 Nxd5 18. Nhf5 Qb6 19. Qf3 Nf4 20. d4 Bf8 
21. dxe5 Ng6 22. Qh5 Ra5 23. Nd4 Bc5 24. Qd1 Rd8 25. Re4 Bd5 26. Re1 Be6 
27. Re4 Bd5 28. Re1 Be6 1/2-1/2

[Event "Sunday 15 April Rapid Engine Tour, 9 Rd. 12+1, starts 16.00 ST"]
[Site "Infinity Chess"]
[Date "2018.4.15"]
[Round "2"]
[White "star99"]
[Black "Thinker"]
[Result "1/2-1/2"]
[ECO "C24"]
[WhiteElo "2409"]
[BlackElo "2439"]
[WhiteEngine "Cryptic Heroes 9.4B"]
[BlackEngine "BrainFish_180411_x64_modern_CTG"]
[EventType "Swiss"]
[WhiteTeam ""]
[BlackTeam ""]
[PlyCount "69"]
[TimeControl "720+1"]

1. e4 e5 2. Bc4 Nf6 3. d3 c6 4. Bb3 d5 5. Nf3 a5 6. a4 Bb4+ 7. c3 Bd6 
8. exd5 cxd5 9. Bg5 Be6 10. Na3 Nbd7 11. O-O O-O 12. Bh4 Bb8 13. Re1 Re8 
14. h3 h6 15. Nb5 Ra6 16. Re3 Rc6 17. Ba2 Rb6 18. Bg3 Bf5 19. d4 e4 
20. Bxb8 Qxb8 21. Nd2 Rc6 22. c4 Nb6 23. c5 Nc8 24. Nf1 Ne7 25. Nd6 Rd8 
26. Rb3 b6 27. Nxf5 Nxf5 28. Rb5 Qa7 29. Rc1 bxc5 30. Rcxc5 Rxc5 31. Rxc5 Qb8 
32. Rb5 Qa7 33. Rc5 Qb8 34. Rb5 Qa7 35. Rc5 1/2-1/2

[Event "Sunday 15 April Rapid Engine Tour, 9 Rd. 12+1, starts 16.00 ST"]
[Site "Infinity Chess"]
[Date "2018.4.15"]
[Round "2"]
[White "Marsell"]
[Black "Time_bandit"]
[Result "1/2-1/2"]
[ECO "C55"]
[WhiteElo "2461"]
[BlackElo "2462"]
[WhiteEngine "BrainFish_180408_x64_bmi2"]
[BlackEngine "asmFishW_2018-02-02_popcnt"]
[EventType "Swiss"]
[WhiteTeam ""]
[BlackTeam ""]
[PlyCount "111"]
[TimeControl "720+1"]

1. e4 e5 2. Nf3 Nc6 3. Bc4 Nf6 4. d3 Bc5 5. c3 d6 6. O-O a5 7. Bg5 Ba7 
8. Nbd2 h6 9. Bh4 Qe7 10. Bb5 g5 11. Bg3 O-O 12. Nc4 Nh5 13. Bxc6 bxc6 
14. Nxa5 Nxg3 15. hxg3 Bd7 16. Qd2 f6 17. Nc4 h5 18. Ne3 Qh7 19. a4 h4 
20. g4 Bxe3 21. Qxe3 Bxg4 22. a5 Kf7 23. d4 Ke8 24. Nd2 Be6 25. f3 Qh5 
26. b4 Rg8 27. c4 g4 28. d5 Bc8 29. fxg4 Qxg4 30. Qf3 cxd5 31. Qxg4 Rxg4 
32. exd5 Ke7 33. b5 f5 34. a6 h3 35. Rf2 Rg8 36. c5 dxc5 37. Nc4 Kf6 
38. Rc2 hxg2 39. Rxg2 Bb7 40. Rd1 Rxg2+ 41. Kxg2 Bxa6 42. bxa6 Rxa6 43. Kf3 Ra4 
44. Rc1 e4+ 45. Kf4 Ra2 46. d6 Rf2+ 47. Ke3 Rf3+ 48. Ke2 cxd6 49. Nxd6 Rd3 
50. Nb5 c4 51. Rxc4 Ke5 52. Nc3 Rf3 53. Rc5+ Kd4 54. Ra5 Rxc3 55. Rxf5 Rc2+ 
56. Kf1 1/2-1/2

[Event "Sunday 15 April Rapid Engine Tour, 9 Rd. 12+1, starts 16.00 ST"]
[Site "Infinity Chess"]
[Date "2018.4.15"]
[Round "2"]
[White "Susanne"]
[Black "hafaba"]
[Result "1/2-1/2 "]
[ECO "C53"]
[WhiteElo "2492"]
[BlackElo "2469"]
[WhiteEngine "stockfish_jvv01_x64_bmi2_CTG"]
[BlackEngine "Eman 1.70-beta18x 64-bit POPCNT_CTG"]
[EventType "Swiss"]
[WhiteTeam ""]
[BlackTeam ""]
[PlyCount "122"]
[TimeControl "720+1"]

1. e4 e5 2. Nf3 Nc6 3. Bc4 Bc5 4. c3 Nf6 5. d3 d6 6. O-O a5 7. Re1 O-O 8. Bg5 h6 
9. Bh4 Ba7 10. Na3 g5 11. Bg3 g4 12. Bh4 gxf3 13. Qxf3 Kg7 14. Rad1 a4 
15. h3 Rg8 16. Nc2 Be6 17. Bd5 Bxd5 18. exd5 Nb8 19. d4 Nbd7 20. Ne3 Kf8 
21. Ng4 Rg6 22. dxe5 dxe5 23. d6 cxd6 24. Rxd6 Nxg4 25. Bxd8 Bxf2+ 26. Qxf2 Nxf2 
27. Rxd7 Ke8 28. Re7+ Kxd8 29. Rxf7 Nxh3+ 30. Kh2 Ra5 31. Kxh3 Rb6 32. Re2 Rc5 
33. a3 Rcb5 34. Re4 Rxb2 35. Rxa4 Ra6 36. Rg4 Re6 37. Rgg7 e4 38. a4 e3 
39. Rf8+ Re8 40. Rxe8+ Kxe8 41. Kg3 Rc2 42. Rxb7 Kd8 43. a5 e2 44. Kf2 e1=R+ 
45. Kxe1 Rxg2 46. Rh7 Ra2 47. Rxh6 Kc7 48. Kd1 Ra3 49. Kd2 Rxa5 50. Kd3 Ra1 
51. Ke2 Rg1 52. Kd3 Rd1+ 53. Kc4 Rc1 54. Ra6 Rc2 55. Kb3 Rc1 56. Kc4 Rf1 
57. Kc5 Rf5+ 58. Kc4 Rf1 59. Rh6 Rf3 60. Kd4 Rg3 61. Rh7+ Kb6 1/2-1/2

[Event "Sunday 15 April Rapid Engine Tour, 9 Rd. 12+1, starts 16.00 ST"]
[Site "Infinity Chess"]
[Date "2018.4.15"]
[Round "2"]
[White "KRAKEN"]
[Black "RonWeasley"]
[Result "1-0"]
[ECO "E10"]
[WhiteElo "2523"]
[BlackElo "2493"]
[WhiteEngine "Raubfisch X38b_CTG"]
[BlackEngine "BrainFish 090218_CTG"]
[EventType "Swiss"]
[WhiteTeam ""]
[BlackTeam ""]
[PlyCount "110"]
[TimeControl "720+1"]

1. d4 Nf6 2. c4 e6 3. Nf3 d5 4. Nc3 c6 5. Bg5 h6 6. Bxf6 Qxf6 7. e3 Nd7 
8. Be2 g6 9. O-O Be7 10. Nd2 O-O 11. Rc1 Qg7 12. Qc2 Rd8 13. a3 g5 14. Kh1 g4 
15. f3 g3 16. f4 Kh8 17. Nf3 a6 18. Bd3 Rg8 19. h3 f5 20. Ne2 Qf8 21. Ne5 h5 
22. Qb3 Nxe5 23. fxe5 Qd8 24. cxd5 cxd5 25. Rc2 h4 26. Rfc1 Bg5 27. Nf4 Rg7 
28. Kg1 Kg8 29. Rc3 Kh8 30. Rc5 b5 31. Qc3 Bd7 32. Rc7 Qf8 33. Kf1 Qe8 
34. Ke2 a5 35. Rb7 Rc8 36. Qd2 Rxc1 37. Qxc1 Bc6 38. Rxg7 Kxg7 39. Qc5 Kg8 
40. Qb6 Bd8 41. Qb8 Kf7 42. Kd2 a4 43. Kd1 Be7 44. Qa7 Bd7 45. Qa6 Bg5 
46. Be2 Kg7 47. Kc2 Kh7 48. Kd2 Kh6 49. Bf3 Kg7 50. Bh5 Qe7 51. Qb7 Kh6 
52. Qb8 Kg7 53. Be2 Qf7 54. Bxb5 Bxf4 55. exf4 Bxb5 1-0

[Event "Sunday 15 April Rapid Engine Tour, 9 Rd. 12+1, starts 16.00 ST"]
[Site "Infinity Chess"]
[Date "2018.4.15"]
[Round "1"]
[White "Time_bandit"]
[Black "ivrdurant"]
[Result "1/2-1/2"]
[ECO "C65"]
[WhiteElo "2466"]
[BlackElo "2376"]
[WhiteEngine "asmFishW_2018-02-02_popcnt"]
[BlackEngine "Raubfisch X38b_CTG"]
[EventType "Swiss"]
[WhiteTeam ""]
[BlackTeam ""]
[PlyCount "93"]
[TimeControl "720+1"]

1. e4 e5 2. Nf3 Nc6 3. Bb5 Nf6 4. O-O Nxe4 5. d4 Nd6 6. Bxc6 dxc6 7. dxe5 Nf5 
8. Qxd8+ Kxd8 9. Nc3 Bd7 10. Rd1 Kc8 11. Ng5 Be8 12. Rd3 Be7 13. Nge4 b6 
14. b3 a5 15. Bb2 Bd7 16. a4 Be6 17. Ne2 g5 18. Nd6+ Bxd6 19. exd6 Rd8 
20. Bf6 Rxd6 21. Rxd6 cxd6 22. Bxg5 Kd7 23. Bf6 c5 24. Rd1 d5 25. Nf4 d4 
26. Re1 Rc8 27. g4 Ne7 28. Bxe7 Kxe7 29. Nxe6 fxe6 30. f4 Kd6 31. Re4 e5 
32. Rxe5 c4 33. bxc4 Rxc4 34. Re4 Rxa4 35. f5 Rc4 36. f6 Rc7 37. g5 d3 
38. cxd3 b5 39. Re8 Ra7 40. Rd8+ Kc5 41. Rc8+ Kd6 42. Rb8 Kc5 43. Rc8+ Kd5 
44. Rd8+ Kc5 45. Rh8 Kd6 46. Rb8 Kc5 47. Rc8+ 1/2-1/2

[Event "Sunday 15 April Rapid Engine Tour, 9 Rd. 12+1, starts 16.00 ST"]
[Site "Infinity Chess"]
[Date "2018.4.15"]
[Round "1"]
[White "angriff"]
[Black "hafaba"]
[Result "1/2-1/2"]
[ECO "C50"]
[WhiteElo "2387"]
[BlackElo "2472"]
[WhiteEngine "DracoREX 3.07 64BIT POPCNT_CTG"]
[BlackEngine "Eman 1.70-beta18x 64-bit POPCNT_CTG"]
[EventType "Swiss"]
[WhiteTeam ""]
[BlackTeam ""]
[PlyCount "51"]
[TimeControl "720+1"]

1. e4 e5 2. Nf3 Nc6 3. Bc4 Bc5 4. O-O Nf6 5. d3 d6 6. c3 a5 7. Bg5 Ba7 
8. Nbd2 h6 9. Bh4 g5 10. Bg3 O-O 11. a3 Kg7 12. Re1 g4 13. Nh4 Nh5 14. Nf1 Nxg3 
15. hxg3 h5 16. Ne3 Bxe3 17. fxe3 Be6 18. Bb3 Ne7 19. d4 Ng6 20. Nf5+ Kg8 
21. Bc2 Qg5 22. Qd2 Ne7 23. Nh4 Ng6 24. Nf5 Ne7 25. Nh4 Ng6 26. Nf5 1/2-1/2

[Event "Sunday 15 April Rapid Engine Tour, 9 Rd. 12+1, starts 16.00 ST"]
[Site "Infinity Chess"]
[Date "2018.4.15"]
[Round "1"]
[White "Murx"]
[Black "gmmarolideus"]
[Result "1-0 "]
[ECO "C11"]
[WhiteElo "2484"]
[BlackElo "2400"]
[WhiteEngine "asmFishW_2018-04-07_popcnt"]
[BlackEngine "stockfish_9_x64_popcnt_CTG"]
[EventType "Swiss"]
[WhiteTeam ""]
[BlackTeam ""]
[PlyCount "63"]
[TimeControl "720+1"]

1. e4 e6 2. d4 d5 3. Nc3 Nf6 4. e5 Nfd7 5. f4 c5 6. Nf3 Nc6 7. Be3 cxd4 
8. Nxd4 Qb6 9. Qd2 Qxb2 10. Rb1 Qa3 11. Bb5 Nxd4 12. Bxd4 a6 13. Bxd7+ Bxd7 
14. Rb3 Qe7 15. Rxb7 Rc8 16. O-O Qd8 17. Qf2 Rc4 18. Rfb1 Ba3 19. R1b3 Be7 
20. f5 exf5 21. Qg3 Bc8 22. Qxg7 Rf8 23. Qh6 Rg8 24. Rb8 Rg4 25. Ne2 Rxc2 
26. h3 Re4 27. Rg3 Bf8 28. Rg8 Ke7 29. Qf6+ Kd7 30. Qxf7+ Kc6 31. Rxf8 Rexe2 
32. Rxd8 1-0

[Event "Sunday 15 April Rapid Engine Tour, 9 Rd. 12+1, starts 16.00 ST"]
[Site "Infinity Chess"]
[Date "2018.4.15"]
[Round "1"]
[White "star99"]
[Black "Susanne"]
[Result "1/2-1/2"]
[ECO "B23"]
[WhiteElo "2405"]
[BlackElo "2496"]
[WhiteEngine "Cryptic Heroes 9.4B"]
[BlackEngine "stockfish_jvv01_x64_bmi2_CTG"]
[EventType "Swiss"]
[WhiteTeam ""]
[BlackTeam ""]
[PlyCount "90"]
[TimeControl "720+1"]

1. e4 c5 2. Nc3 Nc6 3. Nge2 e6 4. d4 cxd4 5. Nxd4 Nf6 6. Ndb5 Bb4 7. Bf4 Nxe4 
8. Qf3 d5 9. Nc7+ Kf8 10. Nxa8 e5 11. Bd2 Nd4 12. Qd1 Qh4 13. g3 Qf6 
14. Nxe4 Nf3+ 15. Qxf3 Qxf3 16. Bxb4+ Kg8 17. Nd6 Qxh1 18. O-O-O Be6 
19. Nc7 Qxh2 20. Nxd5 Bxd5 21. Rxd5 Qxf2 22. Rxe5 Qxf1+ 23. Re1 Qxe1+ 
24. Bxe1 b6 25. Kd1 h5 26. Ke2 Rh6 27. Nf5 Re6+ 28. Ne3 g5 29. Kf3 Rf6+ 
30. Ke2 Re6 31. Kf3 b5 32. Bc3 a6 33. Bd4 f6 34. b3 Kf7 35. c4 bxc4 36. bxc4 h4 
37. gxh4 gxh4 38. a4 a5 39. Nf5 h3 40. Kg3 Re2 41. Kxh3 Ke6 42. Ng7+ Kd7 
43. Bb6 Ra2 44. Bxa5 Rxa4 45. Bd2 Rxc4 1/2-1/2

[Event "Sunday 15 April Rapid Engine Tour, 9 Rd. 12+1, starts 16.00 ST"]
[Site "Infinity Chess"]
[Date "2018.4.15"]
[Round "1"]
[White "RonWeasley"]
[Black "localhero"]
[Result "1/2-1/2"]
[ECO "D21"]
[WhiteElo "2496"]
[BlackElo "2422"]
[WhiteEngine "BrainFish 090218_CTG"]
[BlackEngine "asmFishW_2017-10-04_popcnt"]
[EventType "Swiss"]
[WhiteTeam ""]
[BlackTeam ""]
[PlyCount "131"]
[TimeControl "720+1"]

1. d4 d5 2. c4 dxc4 3. Nf3 e6 4. e3 Nf6 5. Bxc4 a6 6. O-O c5 7. b3 b5 
8. Be2 Nbd7 9. Bb2 Bb7 10. a4 b4 11. Nbd2 Be7 12. Rc1 Rc8 13. Nc4 O-O 
14. Nfe5 cxd4 15. Nxd7 Nxd7 16. Qxd4 Bf6 17. Qa7 Qc7 18. Bxf6 Nxf6 19. Bf3 Bxf3 
20. Qxc7 Rxc7 21. gxf3 Nd5 22. Rcd1 Nc3 23. Rd6 Nxa4 24. Rxa6 Nc5 25. Rb6 Nxb3 
26. Rxb4 Nc5 27. Rd1 Na6 28. Ra4 Nc5 29. Ra3 Rfc8 30. Kg2 f6 31. Ra5 Nb3 
32. Ra3 Rxc4 33. Rxb3 e5 34. Rd7 R4c7 35. Rb7 Rxd7 36. Rxd7 Rc2 37. Rd8+ Kf7 
38. Rd7+ Kg6 39. Kg3 Rc4 40. h4 Rc2 41. Re7 Rd2 42. Rb7 Kh6 43. Ra7 Kg6 
44. Re7 Rc2 45. Rd7 h5 46. Rb7 Re2 47. Kg2 Ra2 48. Kg3 Kh6 49. Rb6 Ra4 
50. Rd6 Ra5 51. f4 exf4+ 52. Kxf4 Kh7 53. Kg3 Ra4 54. Rd4 Ra5 55. f3 g5 
56. hxg5 fxg5 57. Rd7+ Kg6 58. Rd6+ Kf5 59. e4+ Ke5 60. Rh6 h4+ 61. Kg4 Ra2 
62. Kxg5 Rg2+ 63. Kxh4 Rh2+ 64. Kg5 Rg2+ 65. Kh5 Rg3 66. Ra6 1/2-1/2

[Event "Sunday 15 April Rapid Engine Tour, 9 Rd. 12+1, starts 16.00 ST"]
[Site "Infinity Chess"]
[Date "2018.4.15"]
[Round "1"]
[White "Thinker"]
[Black "KRAKEN"]
[Result "1/2-1/2"]
[ECO "C55"]
[WhiteElo "2435"]
[BlackElo "2527"]
[WhiteEngine "BrainFish_180411_x64_modern_CTG"]
[BlackEngine "Raubfisch X38b_CTG"]
[EventType "Swiss"]
[WhiteTeam ""]
[BlackTeam ""]
[PlyCount "151"]
[TimeControl "720+1"]

1. e4 e5 2. Nf3 Nc6 3. Bc4 Nf6 4. d3 Bc5 5. c3 O-O 6. a4 a5 7. O-O d6 8. Re1 h6 
9. h3 Re8 10. Nbd2 Ne7 11. b4 axb4 12. cxb4 Bxb4 13. Qb3 Nc6 14. Bxf7+ Kh7 
15. Bxe8 Qxe8 16. d4 exd4 17. e5 dxe5 18. Nxe5 Nxe5 19. Qxb4 Nd3 20. Rxe8 Nxb4 
21. Rf8 Nd7 22. Re8 Nf6 23. Rf8 Nd7 24. Rf7 Nd3 25. Re7 c5 26. Nc4 Ra6 
27. Re8 Rc6 28. a5 Nf6 29. Rd8 Ne4 30. f3 Be6 31. Nb2 Nxb2 32. Bxb2 Nd2 
33. Ba3 Nc4 34. Bc1 Ra6 35. Bf4 Rxa5 36. Rxa5 Nxa5 37. Rd6 Bb3 38. Rd7 Ba4 
39. Rc7 Nc6 40. Rxb7 c4 41. Kf2 c3 42. Ke2 Bc2 43. Rd7 Ba4 44. Rb7 Bc2 
45. Rd7 Ba4 46. h4 Kg6 47. Rd5 Kf7 48. Rd6 Bb5+ 49. Kd1 d3 50. Rd7+ Kf6 
51. Rd5 Ba4+ 52. Kc1 Nb4 53. Rd4 d2+ 54. Bxd2 Na2+ 55. Kb1 cxd2 56. Rxd2 Nc3+ 
57. Kb2 Nb5 58. Rd7 h5 59. Rd5 g6 60. Rd7 Kf5 61. Rf7+ Ke5 62. Re7+ Kf5 
63. Re4 Bd1 64. Kc1 Nc3 65. Rc4 Nd5 66. Rc5 Bb3 67. Kb2 Kf4 68. Kxb3 Ne3 
69. Rg5 Nf5 70. Rxg6 Nxh4 71. g3+ Kf5 72. Rh6 Nxf3 73. Kc4 h4 74. gxh4 Kg4 
75. h5 Kg5 76. Rh8 1/2-1/2

[Event "Sunday 15 April Rapid Engine Tour, 9 Rd. 12+1, starts 16.00 ST"]
[Site "Infinity Chess"]
[Date "2018.4.15"]
[Round "1"]
[White "THE_MACHINE"]
[Black "Marsell"]
[Result "1/2-1/2"]
[ECO "C55"]
[WhiteElo "2546"]
[BlackElo "2457"]
[WhiteEngine "BrainFish_180411_x64_bmi2"]
[BlackEngine "BrainFish_180408_x64_bmi2"]
[EventType "Swiss"]
[WhiteTeam ""]
[BlackTeam ""]
[PlyCount "119"]
[TimeControl "720+1"]

1. e4 e5 2. Nf3 Nc6 3. Bc4 Nf6 4. d3 Bc5 5. O-O d6 6. c3 O-O 7. Nbd2 a6 
8. Bb3 Ba7 9. Re1 Ng4 10. Re2 Kh8 11. h3 Nh6 12. Nf1 f5 13. Bg5 Qd7 14. a4 fxe4 
15. Rxe4 Nf5 16. Qe2 Qe8 17. d4 Qg6 18. dxe5 Nxe5 19. Rxe5 dxe5 20. Nxe5 Qb6 
21. Nf7+ Kg8 22. Nh6+ Kh8 23. Nf7+ Kg8 24. Nd2 Bd7 25. a5 Qxf2+ 26. Qxf2 Bxf2+ 
27. Kxf2 Nd6 28. Be7 Rxf7+ 29. Kg1 Re8 30. Bxd6 cxd6 31. Nf3 h6 32. Rd1 Be6 
33. Re1 Bd7 34. Rxe8+ Bxe8 35. Nh4 Bd7 36. Ng6 Bc6 37. Nh8 d5 38. Nxf7 Kxf7 
39. Kf2 Ke7 40. h4 g5 41. hxg5 hxg5 42. Bd1 Kd6 43. Be2 Bd7 44. Bd3 Ke5 
45. b3 d4 46. c4 Bg4 47. g3 Kd6 48. b4 Ke5 49. b5 Bc8 50. bxa6 bxa6 51. c5 Kd5 
52. Kf3 g4+ 53. Kf4 Kxc5 54. Ke4 Bb7+ 55. Ke5 Bc8 56. Be2 Bb7 57. Bd3 Kb4 
58. Kxd4 Kxa5 59. Be2 Kb4 60. Bxg4 1/2-1/2

[Event "Sunday 22 April 2nd Tour 7+2 rounds 9 Starts 2200ST"]
[Site "Infinity Chess"]
[Date "2018.4.23"]
[Round "8"]
[White "star99"]
[Black "TasicV"]
[Result "0-1"]
[ECO "C65"]
[WhiteElo "2480"]
[BlackElo "2466"]
[WhiteEngine "Cryptic Heroes 9.4B"]
[BlackEngine "stockfish_18041408_x64_modern_CTG"]
[EventType "Swiss"]
[WhiteTeam ""]
[BlackTeam ""]
[PlyCount "180"]
[TimeControl "420+2"]

1. e4 e5 2. Nf3 Nc6 3. Bb5 Nf6 4. O-O Nxe4 5. d4 Nd6 6. Bxc6 dxc6 7. dxe5 Nf5 
8. Qxd8+ Kxd8 9. Nc3 Bd7 10. b3 Kc8 11. h3 Be7 12. Ne4 Re8 13. a4 a5 14. Bb2 b6 
15. Rad1 c5 16. Nc3 Bf8 17. Rfe1 Bc6 18. Nd5 c4 19. Ng5 Bb4 20. Rf1 Ne7 
21. Ne3 c3 22. Bc1 Ng6 23. Nxf7 Nxe5 24. Nxe5 Rxe5 25. Rfe1 Kb7 26. Ng4 Rxe1+ 
27. Rxe1 Bd7 28. Bf4 Bf5 29. Re2 h5 30. Ne3 Re8 31. Kf1 Bg6 32. g4 hxg4 
33. hxg4 Be4 34. Nc4 Bg2+ 35. Ke1 Rf8 36. Be5 Rh8 37. Re3 Rh1+ 38. Ke2 b5 
39. axb5 Bf1+ 40. Kf3 a4 41. bxa4 Bxc4 42. Bxg7 Rc1 43. Bxc3 Bc5 44. Re5 Bd6 
45. Re1 Rxc2 46. Be5 Bd5+ 47. Kg3 Bc5 48. Rf1 Bc4 49. Ra1 Bxf2+ 50. Kf4 Bc5 
51. g5 Bd3 52. a5 Bxb5 53. g6 Rg2 54. a6+ Bxa6 55. Bxc7 Rxg6 56. Be5 Rg8 
57. Rd1 Kc6 58. Bd4 Rf8+ 59. Ke3 Re8+ 60. Kf2 Rd8 61. Ke3 Bc4 62. Rd2 Re8+ 
63. Kf2 Bd6 64. Be3 Rf8+ 65. Kg1 Bd5 66. Bd4 Rf4 67. Be3 Rf3 68. Bd4 Rh3 
69. Kf1 Bc4+ 70. Kg1 Bf4 71. Rc2 Kd5 72. Bf2 Bd3 73. Rb2 Ke4 74. Be1 Rh7 
75. Ra2 Rb7 76. Kf2 Bc4 77. Rc2 Be3+ 78. Kg2 Bd5 79. Bf2 Kd3+ 80. Kh3 Kxc2 
81. Bxe3 Rb3 82. Kh4 Rxe3 83. Kg5 Rf3 84. Kh4 Kd3 85. Kh5 Ke4 86. Kg4 Ke5 
87. Kh5 Kf5 88. Kh6 Rg3 89. Kh7 Kf6 90. Kh8 Rh3# 0-1

[Event "Sunday 22 April 2nd Tour 7+2 rounds 9 Starts 2200ST"]
[Site "Infinity Chess"]
[Date "2018.4.23"]
[Round "8"]
[White "Deep_Impact"]
[Black "incredible"]
[Result "1/2-1/2"]
[ECO "C50"]
[WhiteElo "2525"]
[BlackElo "2460"]
[WhiteEngine "BrainFish_180411_x64_bmi2"]
[BlackEngine "stockfish_18041820_x64_bmi2"]
[EventType "Swiss"]
[WhiteTeam ""]
[BlackTeam ""]
[PlyCount "171"]
[TimeControl "420+2"]

1. e4 e5 2. Nf3 Nc6 3. Bc4 Bc5 4. O-O Nf6 5. d3 O-O 6. c3 d6 7. Re1 a6 8. h3 Bd7 
9. b4 Ba7 10. a4 b5 11. Bb3 h6 12. Nbd2 Be6 13. Bxe6 fxe6 14. Nb3 Qe8 
15. Re2 Bb6 16. Be3 Nd7 17. Nbd2 Rc8 18. Qb3 Bxe3 19. fxe3 Rb8 20. axb5 axb5 
21. Ree1 Rb6 22. Reb1 Qe7 23. Qc2 Nf6 24. Ra2 Qd7 25. Rba1 Rbb8 26. Qd1 Rf7 
27. Ra3 Re8 28. Qe2 Ref8 29. d4 exd4 30. cxd4 Rb8 31. Rc1 Rff8 32. Rac3 Rb6 
33. Qd1 Ra8 34. g4 Ne8 35. Qb3 Nd8 36. e5 Rba6 37. Ne4 Qe7 38. Rf1 Ra4 
39. g5 dxe5 40. dxe5 Qxb4 41. Nc5 Qxb3 42. Rxb3 R4a5 43. g6 b4 44. Nd7 Rd5 
45. Rd3 Rxd3 46. Nd4 Nf6 47. exf6 gxf6 48. Nxf6+ Kf8 49. Ne8+ Kg8 50. Nf6+ Kf8 
51. Nh5+ Ke7 52. g7 Nf7 53. Nc6+ Kd6 54. Nxb4 Rxe3 55. Rxf7 Rxh3 56. Nf6 Rg3+ 
57. Kf1 Rxg7 58. Rxg7 Rf8 59. Ke2 Rxf6 60. Na2 Rf4 61. Nc1 c5 62. Kd3 Rh4 
63. Na2 Rd4+ 64. Kc2 Rh4 65. Nc1 Rc4+ 66. Kd2 Rh4 67. Rf7 Rh5 68. Ne2 Rh4 
69. Nf4 Rg4 70. Ne2 Rh4 71. Nc1 c4 72. Kc3 Kc5 73. Ne2 Rh3+ 74. Kd2 Rh2 
75. Ke3 Kd6 76. Rh7 h5 77. Nc3 Ke5 78. Ne2 Rh3+ 79. Kf2 c3 80. Kg2 Rd3 
81. Rxh5+ Kd6 82. Kf2 c2 83. Nc1 Rd2+ 84. Ke3 Rd1 85. Rh2 Rxc1 86. Kd3 1/2-1/2

[Event "Sunday 22 April 2nd Tour 7+2 rounds 9 Starts 2200ST"]
[Site "Infinity Chess"]
[Date "2018.4.23"]
[Round "8"]
[White "MarioDeMonti"]
[Black "ocirema"]
[Result "1/2-1/2"]
[ECO "C53"]
[WhiteElo "2487"]
[BlackElo "2468"]
[WhiteEngine "stockfish_x64_bmi2_2018_02_18_CTG"]
[BlackEngine "asmFishW_2018-04-15_popcnt_CTG"]
[EventType "Swiss"]
[WhiteTeam ""]
[BlackTeam ""]
[PlyCount "107"]
[TimeControl "420+2"]

1. e4 e5 2. Nf3 Nc6 3. Bc4 Bc5 4. c3 Nf6 5. d3 d6 6. O-O a5 7. Re1 h6 8. h3 O-O 
9. Nbd2 Be6 10. a4 Ba7 11. b3 Qd7 12. Nf1 d5 13. exd5 Nxd5 14. Bd2 f6 
15. Qc2 Rad8 16. Rad1 Qf7 17. d4 Rfe8 18. Ng3 exd4 19. cxd4 Bxd4 20. Rxe6 Rxe6 
21. Nf5 Bc5 22. Bxh6 Ncb4 23. Qb1 g6 24. Bd2 gxf5 25. Bxb4 axb4 26. Bxd5 Rxd5 
27. Rxd5 Re1+ 28. Nxe1 Qxd5 29. Kf1 Bd6 30. Qd3 Qe4 31. Qxe4 fxe4 32. Ke2 f5 
33. f3 c5 34. fxe4 fxe4 35. Ke3 c4 36. Kxe4 cxb3 37. Kd3 Be5 38. Nf3 Bc3 
39. Ng5 b6 40. Ne4 b2 41. Kc2 Kf7 42. Nd6+ Ke6 43. Nc4 b3+ 44. Kb1 Bd4 
45. h4 Kf5 46. Nd2 Kg4 47. Nc4 Kxh4 48. a5 bxa5 49. Nxa5 Bg1 50. g3+ Kg4 
51. Nxb3 Bf2 52. Nd2 Be1 53. Ne4 Bd2 54. Nxd2 1/2-1/2

[Event "Sunday 22 April 2nd Tour 7+2 rounds 9 Starts 2200ST"]
[Site "Infinity Chess"]
[Date "2018.4.23"]
[Round "8"]
[White "Murx"]
[Black "Dovahkiin"]
[Result "1/2-1/2"]
[ECO "C77"]
[WhiteElo "2567"]
[BlackElo "2458"]
[WhiteEngine "asmFishW_2018-04-07_popcnt"]
[BlackEngine "BrainFish_180418_x64_modern_CTG"]
[EventType "Swiss"]
[WhiteTeam ""]
[BlackTeam ""]
[PlyCount "125"]
[TimeControl "420+2"]

1. e4 e5 2. Nf3 Nc6 3. Bb5 a6 4. Ba4 Nf6 5. O-O Be7 6. Re1 b5 7. Bb3 O-O 
8. h3 Bb7 9. d3 d5 10. exd5 Nxd5 11. Nxe5 Nd4 12. Nc3 Nb4 13. Ne4 Nxb3 
14. axb3 Qd5 15. Bf4 f5 16. c4 Qd4 17. Nf3 Qxd3 18. Neg5 Qxd1 19. Raxd1 Bf6 
20. Be5 Bxf3 21. Nxf3 Rae8 22. Kf1 g6 23. Re2 Nc6 24. Bxf6 Rxe2 25. Kxe2 Rxf6 
26. Rd5 Re6+ 27. Kd2 b4 28. h4 Re7 29. g3 Kg7 30. Ne1 Kf6 31. Nd3 a5 32. f3 h6 
33. f4 g5 34. h5 gxf4 35. gxf4 Re4 36. Rd7 Re7 37. Rd5 Re4 38. Rd7 Nd4 
39. Rxc7 Re7 40. Rxe7 Nxb3+ 41. Kc2 Nd4+ 42. Kd2 Kxe7 43. Nc5 Nc6 44. Kc2 Kd6 
45. Nb7+ Kc7 46. Nc5 Nd8 47. Nb3 Ne6 48. Nxa5 Nxf4 49. Kb3 Nxh5 50. Kxb4 f4 
51. Kc3 f3 52. Kd3 f2 53. Ke2 Kb6 54. b3 Kxa5 55. Kxf2 Kb4 56. Kf3 Kxb3 
57. c5 Nf6 58. Kf4 Ng8 59. Kg4 Ka4 60. c6 Nf6+ 61. Kf3 Nd5 62. Kg4 Ka3 63. c7 
1/2-1/2